[Event "*** Titled Tuesday Blitz"]
[Site "Chess.com"]
[Date "2018.01.02"]
[Round "4"]
[White "AnonymousBread"]
[Black "JammyDodger91"]
[Result "0-1"]
[WhiteElo "2407"]
[BlackElo "2386"]
[TimeControl "180+2"]
[EndTime "13:53:19 PST"]
[Termination "JammyDodger91 won by resignation"]

1. d4 d5 2. Bf4 Nf6 3. e3 e6 4.
Nc3 Bd6 5. Bd3 a6 6. Nf3 c5 7. dxc5 Bxc5 8. O-O Nc6 9. e4 dxe4 10. Nxe4 Be7 11.
Qe2 O-O 12. c3 Qa5 13. Rfe1 Rd8 14. Rad1 Bd7 15. b4 Qa3 16. Bc1 Qa4 17. h4 Be8 18.
g3 g6 19. Nfg5 Nxe4 20. Nxe4 Ne5 21. Bb1 Bb5 22. Rxd8+ Rxd8 23. Qe3 Rd1 24. Kg2 Rxe1 25. Qxe1 Bd3 26. Bf4 Bxb1 27. Qxb1 Nc4 28. Qd3 Qc6 29.
Qf3 e5 30. Bg5 Bxg5 31. hxg5 Kg7 32. Nf6 Qxf3+ 33. Kxf3 Nd6 34. Nd5 h6 35. gxh6+ Kxh6 36. Ke3 Kg5 37. Ne7 Kg4 38. Nd5 f5 39. Nf6+ Kg5 40. Nd7 e4 41. Nc5 Kg4 42. Ne6 g5 43.
Ke2 f4 44. gxf4 gxf4 45. Nd4 Nc4 46. Ne6 f3+ 47. Kf1 Kf5 48. Nc5 Nd6 49. Nb3 Ke5 50. Ke1 Kd5 51. Kd2 Nc4+ 52. Kc2 b6 53. Nd4 e3 54. fxe3 f2 55. Nf5 f1=Q 56. e4+ Ke5 0-1

[Event "*** Titled Tuesday Blitz"]
[Site "Chess.com"]
[Date "2018.01.02"]
[Round "4"]
[White "milovanratkovic"]
[Black "IamSchrodingersCat"]
[Result "0-1"]
[WhiteElo "2442"]
[BlackElo "2384"]
[TimeControl "180+2"]
[EndTime "13:53:21 PST"]
[Termination "IamSchrodingersCat won by resignation"]

1. d4 Nf6 2. Bg5 g6 3. Bxf6 exf6 4. e3 Bg7 5. g3 O-O 6. Bg2 d5 7. Ne2 Be6 8. O-O c6 9. Nd2 Nd7 10. Rc1 Qa5 11. a3 Qb6 12. b3 Qa5 13. c4 Qxa3 14. Nf4 Nb6 15. Nxe6 fxe6 16. e4 f5 17. cxd5 cxd5 18. e5 Rfc8 19. Rxc8+ Rxc8 20. Nf3 Bh6 21. Qd3 Qb4 22. Ra1 a6 23. Rb1 Qc3 24. Qd1 Qc2 25. Qe1 Rc3 26. b4 Nc4 27. b5 Na3 28. Ra1 Nxb5 29. Bf1 Rxf3 30. Bxb5 axb5 31.
Ra8+ Bf8 32. Kg2 Qe4 33. Rxf8+ Kxf8 34. Qb4+ Kf7 35. Qd6 Rd3+ 36. Kh3 Qg4+ 37. Kg2 Qf3+ 38. Kh3 Qg4+ 39. Kg2 Kg7 40. Qe7+ Kh6 41. Qf8+ Kh5 42. Qg7 h6 43. Qf6 Rd2 44. Qxe6 Qe4+ 45. Kh3 Rxf2 46.
g4+ 0-1

[Event "*** Titled Tuesday Blitz"]
[Site "Chess.com"]
[Date "2018.01.02"]
[Round "4"]
[White "Konavets"]
[Black "Rsnr"]
[Result "1-0"]
[WhiteElo "2758"]
[BlackElo "2625"]
[TimeControl "180+2"]
[EndTime "13:53:22 PST"]
[Termination "Konavets won by resignation"]

1. e4 c6 2. Nf3 d5 3. Nc3 Bg4 4.
h3 Bh5 5. exd5 cxd5 6. Bb5+ Nc6 7. g4 Bg6 8. Ne5 Rc8 9. d4 e6 10. h4 f6 11. Nxg6 hxg6 12. Be3 Bd6 13. Qf3 Ne7 14. O-O-O Kf7 15. Kb1 Qa5 16. Bd2 Nxd4 17. Qd3 Bc5 18. Bd7 Rcd8 19. Na4 Qc7 20. Nxc5 Qxc5 21. Ba4 b5 22. Ba5 Rb8 23. b4 Qd6 24. Bb3 Ndc6 25. h5 gxh5 26. gxh5 Nxb4 27. Qe2 Nbc6 28. Bc3 b4 29. Bb2 Nf5 30. Qg4 Nce7 31. Rdg1 a5 32. h6 g6 33. h7 Rbf8 34. Re1 Kg7 35. Qh3 e5 36. f4 d4 37. fxe5 fxe5 38. Qh2 Nc6 39.
Reg1 e4 40. Qxd6 Nxd6 41. Bd5 Ne5 42. Bxd4 Re8 43. Rg5 Nf5 44. Bb2 Rxh7 45. Rhg1 Kf8 46. Bxe4 Nd6 47. Bxg6 Nxg6 48. Rxg6 Nc4 49. Bd4 Ke7 50.
Ra6 Rc8 51. Ra7+ 1-0

[Event "*** Titled Tuesday Blitz"]
[Site "Chess.com"]
[Date "2018.01.02"]
[Round "4"]
[White "Ginger_GM"]
[Black "sergeikim"]
[Result "1/2-1/2"]
[WhiteElo "2474"]
[BlackElo "2374"]
[TimeControl "180+2"]
[EndTime "13:53:27 PST"]
[Termination "Game drawn by agreement"]

1. d4 Nf6 2. c4 g6 3. Nc3 Bg7 4. e4 d6 5. Be2 O-O 6. Be3 Nbd7 7. Qd2 a6 8. g4 c5 9. d5 Ne5 10. h3 b5 11. cxb5 axb5 12. Bxb5 Ba6 13. Bxa6 Rxa6 14.
Nge2 Nc4 15. Qc1 Nxe3 16. Qxe3 Qb8 17. b3 Nd7 18. O-O Qb4 19. Rab1 Rfa8 20. Kg2 c4 21. f4 Nc5 22. e5 cxb3 23. axb3 Ra3 24. Nd4 Qb7 25. Nc6 Rxb3 26. Rxb3 Qxb3 27. Nd1 Ra2+ 28. Kg1 Qc2 29. Nxe7+ Kh8 30. Qf2 Qc4 31. Qf3 Qc2 32. Nf2 dxe5 33. d6 Nd7 34. f5 e4 35. Qxe4 Ne5 36. fxg6 hxg6 37. Nd5 Qxe4 38. Nxe4 Ra5 39. Ndf6 Ra2 40. d7 Bxf6 41. Nxf6 Rd2 42. Rf2 Rd1+ 43. Kg2 Nxd7 44. Ne4 Kg7 45. Ng5 Nf6 46. Kg3 Rd3+ 47. Rf3 Rxf3+ 48. Kxf3 Nd5 49. Ke4 Nc3+ 1/2-1/2

[Event "*** Titled Tuesday Blitz"]
[Site "Chess.com"]
[Date "2018.01.02"]
[Round "4"]
[White "ChEsper99"]
[Black "AljoschaFeuerstack"]
[Result "0-1"]
[WhiteElo "1986"]
[BlackElo "1847"]
[TimeControl "180+2"]
[EndTime "13:53:30 PST"]
[Termination "AljoschaFeuerstack won by resignation"]

1. e4 c5 2. Nf3 e6 3. c3 Nf6 4. e5 Nd5 5. d4 cxd4 6. cxd4 b6 7. Nc3 Nxc3 8. bxc3 Qc7 9. Bd2 Bb7 10. Bd3 d6 11. exd6 Bxd6 12. O-O Nd7 13. Qe2 O-O 14. h4 Bf4 15.
Rfd1 Rac8 16. Rac1 Rfd8 17. Be4 Bxe4 18. Qxe4 Bxd2 19.
Rxd2 Nf6 20. Qe5 Nd5 21. Rd3 Qxe5 22. Nxe5 Nf4 23. Rd2 Rxd4 24. Rxd4 Ne2+ 25. Kf1 Nxd4 26. Rd1 Nb5 27. Rd7 f6 28. c4 Nc3 29. Nd3 Rxc4 30. Rxa7 Rxh4 31. g3 Ra4 32. Rxa4 Nxa4 33. Ke2 e5 34.
Ke3 Kf7 35. Nb4 Ke6 36. f4 Nc3 37. fxe5 Kxe5 38. Kd3 Nd5 39. Nc2 Kf5 40. Kd4 Nc7 41. Ke3 Kg4 42. Kf2 Nd5 43. Nd4 f5 44. Ne6 g5 45.
Nf8 h5 46. Nd7 Kh3 47. Ne5 f4 48. gxf4 Nxf4 49. Nc4 Kh2 50. Nxb6 g4 51. Nc4 g3+ 52. Kf3 g2 0-1

[Event "*** Titled Tuesday Blitz"]
[Site "Chess.com"]
[Date "2018.01.02"]
[Round "4"]
[White "Dr-Bassem"]
[Black "Divertissement"]
[Result "1-0"]
[WhiteElo "2639"]
[BlackElo "2431"]
[TimeControl "180+2"]
[EndTime "13:53:33 PST"]
[Termination "Dr-Bassem won by resignation"]

1. e4 e6 2. d3 b6 3. g3 Bb7 4.
Bg2 c5 5. f4 d5 6. e5 h5 7. Nf3 Nh6 8. O-O Nf5 9. c3 Nc6 10. Na3 Be7 11. Nc2 h4 12. Qe1 Qd7 13. Ne3 g6 14. g4 h3 15. Bh1 Nh4 16. Bd2 d4 17. Nc4 O-O-O 18. Nxh4 Bxh4 19. Qe2 Be7 20. Be4 b5 21. Na3 a6 22. Rac1 Kb8 23. Qf3 Rc8 24.
Nc2 g5 25. a4 gxf4 26. axb5 axb5 27. Bxf4 Rhg8 28. Kh1 Na5 29. cxd4 Nb3 30. Rce1 c4 31. dxc4 bxc4 32. Bxb7 Qxb7 33. Qxb7+ Kxb7 34. Bh6 Rxg4 35. Rxf7 Rc7 36. Rf3 Rg2 37. Ne3 Rxb2 38. Rxh3 Bb4 39. Rg1 c3 40. d5 exd5 41. Nxd5 Rc4 42. Nxb4 Rxb4 43. Rxc3 Rh4 44. Rg7+ Ka6 45. Be3 Rbxh2+ 46. Kg1 Rh1+ 47. Kg2 R4h2+ 48. Kf3 Rh3+ 49. Ke4 Rh4+ 50. Kd5 Rd1+ 51. Ke6 Na5 52. Ra7+ Kb5 53. Rc5+ Kb4 54. Rcxa5 1-0

[Event "*** Titled Tuesday Blitz"]
[Site "Chess.com"]
[Date "2018.01.02"]
[Round "4"]
[White "GrigorGrigorov"]
[Black "Angry_Serb"]
[Result "1-0"]
[WhiteElo "2610"]
[BlackElo "2423"]
[TimeControl "180+2"]
[EndTime "13:53:36 PST"]
[Termination "GrigorGrigorov won by resignation"]

1. d4 d5 2. c4 e6 3. Nc3 c5 4. e3 Nc6 5. Nf3 Nf6 6. cxd5 exd5 7. Be2 Be7 8. dxc5 Bxc5 9. O-O a6 10. b3 O-O 11. Bb2 Ba7 12. Rc1 d4 13. Nxd4 Nxd4 14. exd4 Bxd4 15. Bf3 Rb8 16. Na4 Bxb2 17. Nxb2 Qa5 18.
Nc4 Qg5 19. Qd6 Bg4 20. Qg3 Qh5 21. Bxg4 Nxg4 22. h3 Nf6 23. Rfe1 Rfe8 24. Nd6 Red8 25. Re5 Qh6 26. Rg5 Nh5 27. Nf5 Nxg3 28. Nxh6+ Kf8 29.
Rxg3 gxh6 30. Rc7 Rdc8 31. Rgc3 Rxc7 32. Rxc7 Kg7 33. g4 a5 34. Kg2 b5 35. Ra7 a4 36.
bxa4 bxa4 37. Rxa4 Rb2 38. Ra6 Rb5 39. a4 Rc5 40.
Rb6 Rc4 41. a5 Ra4 42. a6 Ra3 43. f3 f6 44. Kg3 Kg6 45. h4 Ra5 46. h5+ Kf7 47.
Rb7+ Ke6 48. a7 f5 49. Rxh7 fxg4 50. fxg4 Ke5 51. Rxh6 Rxa7 52. Rg6 Ra3+ 53. Kh4 Kf4 54. Rf6+ Ke5 55. Kg5 Rg3 56. Rf5+ Ke6 57. h6 Rh3 58.
Kg6 Rh4 59. g5 Ke7 60. h7 Ke6 61. Rf8 1-0

[Event "*** Titled Tuesday Blitz"]
[Site "Chess.com"]
[Date "2018.01.02"]
[Round "4"]
[White "julinha97"]
[Black "walkingcreep"]
[Result "0-1"]
[WhiteElo "2219"]
[BlackElo "2430"]
[TimeControl "180+2"]
[EndTime "13:53:36 PST"]
[Termination "walkingcreep won by checkmate"]

1. e4 d6 2. d4 Nf6 3. Nc3 Nbd7 4. f4 e5 5. Nf3 exd4 6. Nxd4 g6 7. Bd3 Bg7 8. O-O O-O 9. Nf3 Nc5 10. Be3 Nxd3 11. cxd3 d5 12. e5 Ng4 13. Bc5 Re8 14. h3 Nh6 15. Bf2 Nf5 16. d4 f6 17. Qb3 c6 18. Qc2 Nh6 19. b4 Bf5 20. Qa4 b5 21. Qb3 Bd3 22. Rfe1 Nf5 23. a4 a6 24. axb5 axb5 25. Nd2 Bh6 26. g3 Rxa1 27. Rxa1 Bc4 28. Qc2 fxe5 29. fxe5 Qg5 30. Nf3 Qe7 31. g4 Ne3 32.
Qb2 Bd3 33. Re1 Nc4 34. Qa2 Qxb4 35. Nd1 Be4 36. g5 Bxf3 37. gxh6 Be4 38. Qa7 Qf8 39. Qd7 Re7 40. Qxc6 Qf3 41. Qc8+ Kf7 42. Qg4 Qh1# 0-1

[Event "*** Titled Tuesday Blitz"]
[Site "Chess.com"]
[Date "2018.01.02"]
[Round "4"]
[White "ajkom197"]
[Black "pKiLz5Rn9b"]
[Result "0-1"]
[WhiteElo "2331"]
[BlackElo "2614"]
[TimeControl "180+2"]
[EndTime "13:53:38 PST"]
[Termination "pKiLz5Rn9b won by resignation"]

1. d4 Nf6 2. Bf4 e6 3. e3 c5 4.
c3 Nc6 5. Nf3 d5 6. Bd3 Bd6 7.
Bg3 Ne4 8. Nbd2 f5 9. Bb5 O-O 10. Bxc6 bxc6 11. Bxd6 Qxd6 12. Ne5 Ba6 13. f3 cxd4 14.
exd4 c5 15. fxe4 cxd4 16. cxd4 fxe4 17. Qa4 Rac8 18. Nef3 exf3 19. Nxf3 Rc4 20. Qb3 Rb4 21. Qa3 Qb6 22. O-O-O Rb8 23. Rd2 Qb5 24. Re1 Ra4 25. Qe3 Bc8 26. b3 Ra6 27. Ng5 Bd7 28. Qf4 Rf8 29.
Qh4 h6 30. Nf3 Qb4 31. Ree2 Qc3+ 32. Rc2 Qa1+ 33. Kd2 Bb5 34. Re1 Qxa2 35. Rxa2 Rxa2+ 36. Ke3 Rb2 37. Qe7 Rxb3+ 38. Kf2 Re8 39. Qd6 Bc4 40. Rxe6 Rb2+ 41. Kg3 Rf8 42. Qe5 Bf1 43. Re8 Rxg2+ 44. Kh4 Rxe8 45. Qxe8+ Kh7 46. Qe5 Bd3 47. h3 g5+ 48.
Nxg5+ hxg5+ 0-1

[Event "*** Titled Tuesday Blitz"]
[Site "Chess.com"]
[Date "2018.01.02"]
[Round "4"]
[White "DiogenesSinopeus"]
[Black "Superfelix"]
[Result "0-1"]
[WhiteElo "2399"]
[BlackElo "2302"]
[TimeControl "180+2"]
[EndTime "13:53:39 PST"]
[Termination "Superfelix won by resignation"]

1. d4 g6 2. c4 Bg7 3. Nc3 d6 4. Nf3 Nc6 5. d5 Nb8 6. e4 Nd7 7.
Nd4 c5 8. dxc6 bxc6 9. Be2 Qb6 10. Nb3 Ngf6 11. Be3 Qc7 12. f3 O-O 13. O-O a5 14. Na4 Rb8 15. Nd4 Ba6 16. b3 Rfc8 17. Rc1 Qd8 18.
Qd2 Rb4 19. Rfd1 Rxa4 20. bxa4 Nc5 21. Qc2 Nfd7 22. Bf1 h5 23. Ne2 Qc7 24. Bd4 Ne5 25. Nf4 Nxf3+ 26. gxf3 Bxd4+ 27. Rxd4 e5 28. Rdd1 exf4 29.
Qd2 Rd8 30. Qxf4 Ne6 31. Qf6 c5 32. Bh3 Nd4 33. Kh1 Rf8 34. Rg1 Kh7 35. Rg5 Qd8 36.
Qxd8 Rxd8 37. Rd5 Bb7 38. Rxd4 cxd4 39. Rd1 f5 40. Rxd4 fxe4 41. fxe4 Re8 42. Bg2 Re6 43. Kg1 Kh6 44. Kf2 g5 45. Ke3 g4 46. Rd2 h4 47. Rb2 Bc6 48. Rb6 Bd7 49. Kd4 Rf6 50.
c5 h3 51. Bh1 dxc5+ 52. Kxc5 Rxb6 53. Kxb6 Bxa4 54. Kxa5 Bd1 55. e5 Bf3 56. e6 Bxh1 57. Kb6 Kg7 58. Kc7 Kf6 59. Kd6 Bc6 60. Kxc6 Kxe6 61.
a4 g3 0-1

[Event "*** Titled Tuesday Blitz"]
[Site "Chess.com"]
[Date "2018.01.02"]
[Round "4"]
[White "nickmatta"]
[Black "dawtonlms"]
[Result "1/2-1/2"]
[WhiteElo "2233"]
[BlackElo "2417"]
[TimeControl "180+2"]
[EndTime "13:53:42 PST"]
[Termination "Game drawn by repetition"]

1. d4 Nf6 2. c4 e6 3. Nf3 b6 4. g3 Bb7 5. Bg2 Bb4+ 6. Kf1 O-O 7. a3 Be7 8. Nc3 d6 9. h3 Nbd7 10. Ng5 Qc8 11. d5 exd5 12. cxd5 h6 13. Nge4 Nxe4 14. Bxe4 Nc5 15. Bf3 a5 16. Be3 Bf6 17. Kg2 Re8 18. Rc1 Qd7 19. b4 axb4 20. axb4 Na6 21. Qb3 c5 22.
dxc6 Bxc6 23. Nd5 Bxd5 24. Bxd5 Rac8 25. Rhd1 Qb5 26. Bxf7+ Kh8 27. Bxe8 Rxe8 28. Qc4 Qa4 29. Ra1 Bxa1 30. Rxd6 Qxb4 31. Qxa6 Qxd6 32. Qxa1 Qd5+ 33.
Kh2 Ra8 34. Qb2 Ra2 35. Qxb6 Ra1 36. f3 Qd1 37. g4 Qxe2+ 38. Kg3 Qd3 39. Bxh6 Ra6 40.
Qb8+ Kh7 41. Bf4 Ra3 42. Qb7 Ra4 43. Qc6 Rc4 44. Qd6 Qc2 45. Qe5 Rc5 46. Qe4+ Qxe4 47. fxe4 g5 48. Be3 Rc3 49. Kf3 Kg6 50. e5 Rc4 51. e6 Rc6 52. e7 Re6 53. Bc5 Kf6 54. Kg3 Kg6 55. h4 gxh4+ 56. Kxh4 Re4 57. Bd6 Re6 58. Kg3 Re4 59. Kf3 Re6 60. Kf4 Re1 61. Be5 Kf7 62. Bd6 Kg6 63. Be5 Kf7 64. Bd6 Kg6 1/2-1/2

[Event "*** Titled Tuesday Blitz"]
[Site "Chess.com"]
[Date "2018.01.02"]
[Round "4"]
[White "Saitama_Hero"]
[Black "Slmctk"]
[Result "1-0"]
[WhiteElo "2191"]
[BlackElo "2215"]
[TimeControl "180+2"]
[EndTime "13:53:42 PST"]
[Termination "Saitama_Hero won by resignation"]

1. d4 e6 2. c4 Nf6 3. Nc3 Bb4 4.
f3 d5 5. a3 Bxc3+ 6. bxc3 c5 7. cxd5 Nxd5 8. dxc5 f5 9. Nh3 O-O 10. Nf4 Nxc3 11. Qd2 Nd5 12. Nxd5 exd5 13. e3 Nc6 14. Bb2 Qe7 15. Rc1 Be6 16. Bd3 Rad8 17. O-O Qc7 18.
Qf2 Na5 19. Qh4 Nc4 20. Bxc4 dxc4 21. Bd4 f4 22. Rfe1 Rd7 23. Qf2 fxe3 24. Qxe3 Bf7 25. Rcd1 Re8 26. Qc3 Rxe1+ 27. Rxe1 Bg6 28. Qxc4+ Kh8 29.
Qe6 Rd8 30. Qg4 Qd7 31. Qxd7 Rxd7 32. Rd1 h6 33. Kf2 Kh7 34. Rd2 a6 35. h4 h5 36.
Ke3 Bf5 37. Rb2 g6 38. Rb6 Kg8 39. Be5 Kf7 40. Kf4 Be6 41. g4 hxg4 42. fxg4 Bd5 43.
Rf6+ Ke8 44. Rxg6 Rf7+ 45. Kg5 Be4 46. Re6+ Kd7 47. Rd6+ Ke7 48. h5 Rf8 49. Bf6+ Kf7 50. Rd7+ Ke6 51. Re7+ Kd5 52. Re5+ Kd4 53. Re8+ Rxf6 54.
Kxf6 1-0

[Event "*** Titled Tuesday Blitz"]
[Site "Chess.com"]
[Date "2018.01.02"]
[Round "4"]
[White "Indianlad"]
[Black "RoelandPruijssers"]
[Result "1/2-1/2"]
[WhiteElo "2653"]
[BlackElo "2490"]
[TimeControl "180+2"]
[EndTime "13:53:45 PST"]
[Termination "Game drawn by agreement"]

1. Nf3 Nf6 2. g3 g6 3. Bg2 Bg7 4. O-O O-O 5. c4 d6 6. Nc3 Nc6 7. d3 e5 8. Rb1 a5 9. a3 Re8 10. Ne1 Nd4 11. b4 axb4 12. axb4 c6 13. b5 d5 14.
bxc6 bxc6 15. cxd5 cxd5 16. Bg5 Be6 17. Nc2 Nxc2 18.
Qxc2 Rc8 19. Qd2 h6 20. Bxf6 Bxf6 21. Rb5 e4 22. Na4 exd3 23. Qxd3 d4 24. Nc5 Bf5 25. Be4 Bh3 26. Rc1 Bg7 27. Rb7 Rc7 28. Qf3 Rxb7 29.
Nxb7 Qe7 30. Bd5 Bf5 31. g4 Be4 32. Qxf7+ Qxf7 33. Bxf7+ Kxf7 34. Nd6+ Kf8 35. Nxe8 Kxe8 36. Rc8+ Kf7 37. Rc7+ Kf8 38. f3 Bd5 39. Rd7 Be6 40. Rb7 g5 41. h3 Bd5 42. Rd7 Be6 43. Rb7 Bd5 44. Rd7 Be6 45. Rd6 Ke7 46. Ra6 Be5 47.
Ra7+ Kf6 48. Kf1 h5 49. Rh7 h4 50. Ra7 Bf4 51. Ra4 Ke5 52. Ra5+ Bd5 53. Rb5 Be3 54. Ra5 Ke6 55. Rb5 Bc4 56. Rb6+ Ke5 57. Rb4 Bd5 58. Rb5 Kd6 59. Ra5 Kc6 60. Ra8 Kd6 61. Ra6+ Ke5 62. Ra5 Kd6 1/2-1/2

[Event "*** Titled Tuesday Blitz"]
[Site "Chess.com"]
[Date "2018.01.02"]
[Round "4"]
[White "Vrolijk"]
[Black "MITerryble"]
[Result "0-1"]
[WhiteElo "2437"]
[BlackElo "2656"]
[TimeControl "180+2"]
[EndTime "13:53:51 PST"]
[Termination "MITerryble won by resignation"]

1. Nf3 Nf6 2. g3 d5 3. Bg2 c6 4. O-O Bg4 5. h3 Bh5 6. d3 Nbd7 7. Qe1 e5 8. e4 dxe4 9. dxe4 Be7 10. Nbd2 O-O 11. a4 Re8 12. Nc4 Qc7 13. Nh4 Rad8 14. Nf5 Bf8 15. Be3 b6 16. Qc3 Nc5 17. Nd2 Bg6 18.
g4 h5 19. Bf3 Ne6 20. Nb3 Nf4 21. Bxf4 exf4 22. Rfe1 hxg4 23. hxg4 a5 24. Qc4 Nd7 25. Qe2 Ne5 26. Rad1 f6 27. Kg2 Bf7 28. Rxd8 Rxd8 29. Rd1 g6 30. Rxd8 Qxd8 31. Nfd4 Qd7 32. Qd1 Nc4 33. Qc1 Bd6 34. Ne2 g5 35. Nbd4 Ne5 36.
Nf5 Bf8 37. Nc3 Be6 38. Qd1 Qh7 39. b3 Bd7 40. Be2 Bb4 41. Na2 Bc5 42. c3 Bf8 43. b4 Be6 44. Qd2 f3+ 45. Bxf3 Nxf3 46. Kxf3 Qh3+ 47.
Ke2 Qxg4+ 48. Kf1 Qxe4 49. Ne3 Qb1+ 50. Kg2 Qxa2 51. Qd3 Bf7 52. Ng4 Qd5+ 53. Qxd5 Bxd5+ 54. Kg3 Kg7 55. Ne3 Bd6+ 0-1

[Event "*** Titled Tuesday Blitz"]
[Site "Chess.com"]
[Date "2018.01.02"]
[Round "4"]
[White "Adham_Fawzy"]
[Black "Al_Shima"]
[Result "1-0"]
[WhiteElo "2414"]
[BlackElo "2219"]
[TimeControl "180+2"]
[EndTime "13:53:52 PST"]
[Termination "Adham_Fawzy won by resignation"]

1. e4 d5 2. exd5 Nf6 3. Nf3 Nxd5 4. d4 Bf5 5. Bd2 e6 6. Be2 Be7 7. O-O O-O 8. Re1 c5 9. c4 Nb6 10. Be3 Qc7 11. Nc3 Rd8 12. Nb5 Qc8 13. Qb3 cxd4 14. Nfxd4 Be4 15. Bf3 Bxf3 16. Nxf3 Bc5 17. Bf4 Na6 18. Rac1 f6 19. a3 e5 20. Be3 Bxe3 21. c5+ Nd5 22. fxe3 Qe6 23. Red1 Ndc7 24. Qxe6+ Nxe6 25.
b4 Nac7 26. Nd6 Rab8 27. Kf2 Kf8 28. e4 g6 29. Ke3 Ke7 30. Nc4 Nb5 31. Na5 Rxd1 32. Rxd1 Nd8 33. a4 Nc7 34. b5 Nce6 35.
Rc1 Rc8 36. Nb3 Rc7 37. Ne1 f5 38. Nd3 Nf7 39. Nb4 Rc8 40. Nd5+ Kf8 41. c6 bxc6 42. bxc6 Nd6 43. exf5 gxf5 44. Nc5 Nd4 45. Nd7+ Ke8 46. Nxe5 Nb3 47. Rc3 Na5 48. Kf4 a6 49. c7 Nf7 50.
Kxf5 Nxe5 51. Kxe5 Nb7 52. Ke6 a5 53. Nb6 Rxc7 54.
Rxc7 1-0

[Event "*** Titled Tuesday Blitz"]
[Site "Chess.com"]
[Date "2018.01.02"]
[Round "4"]
[White "DagurR"]
[Black "RaphaeI"]
[Result "1-0"]
[WhiteElo "2326"]
[BlackElo "2479"]
[TimeControl "180+2"]
[EndTime "13:53:53 PST"]
[Termination "DagurR won on time"]

1. d4 Nf6 2. c4 e6 3. Nc3 Bb4 4. a3 Bxc3+ 5. bxc3 c5 6. f3 Nc6 7. e4 d6 8. Be3 Qa5 9. Qd2 e5 10. d5 Ne7 11. Bd3 h6 12. Ne2 Bd7 13. O-O g5 14. g3 Rg8 15. Kh1 O-O-O 16. Rf2 Rde8 17. Ng1 Ng6 18. Bf1 Nh5 19. Bh3 Bxh3 20. Nxh3 Qa4 21. Qd3 Nf6 22. Ng1 Qd7 23. a4 Kb8 24. a5 Ka8 25. Rb2 Rb8 26. Qf1 Nh7 27. Qh3 Qxh3 28. Nxh3 Rgf8 29. Nf2 Ne7 30. Rb6 Nc8 31.
Rb2 Nf6 32. Kg2 a6 33. h4 Rg8 34. hxg5 hxg5 35. g4 Nd7 36. Rh1 Ne7 37. Rh7 Rbf8 38. Nh3 Ng6 39. Bxg5 Nb8 40. Bh6 Re8 41. Rxf7 Re7 42.
Rxe7 Nxe7 43. Kg3 Ka7 44. g5 Nd7 45. f4 b6 46. f5 bxa5 47. Kg4 Nb6 48. f6 Ng6 49.
Kf5 Nh4+ 50. Ke6 Nxc4 51. Ra2 Re8+ 52. Kd7 Rb8 53. f7 Ng6 54. Ke6 Kb6 55. Kf6 Nf8 56. Bxf8 Rxf8 57. Ke7 1-0

[Event "*** Titled Tuesday Blitz"]
[Site "Chess.com"]
[Date "2018.01.02"]
[Round "4"]
[White "theblitzchamp"]
[Black "jcibarra"]
[Result "0-1"]
[WhiteElo "2450"]
[BlackElo "2721"]
[TimeControl "180+2"]
[EndTime "13:53:55 PST"]
[Termination "jcibarra won by checkmate"]

1. e4 c5 2. Nf3 Nf6 3. Nc3 d5 4. exd5 Nxd5 5. d4 Nxc3 6. bxc3 g6 7. Bc4 Bg7 8. O-O O-O 9. Re1 Nc6 10. Bb2 Bg4 11. h3 Bxf3 12. Qxf3 cxd4 13. cxd4 Nxd4 14.
Bxd4 Qxd4 15. Bb3 Qd7 16. Rad1 Qc7 17. Qe4 e6 18. Rd3 Rad8 19. Red1 Bf6 20. g3 Kg7 21. h4 h5 22. Qa4 a6 23. Rd7 b5 24. Qd4 Bxd4 25.
Rxc7 Bxf2+ 26. Kxf2 Rxd1 27. Bxe6 Rd6 28. Bb3 Rf6+ 29.
Kg2 Re8 30. a4 Re2+ 31. Kg1 bxa4 32. Bxa4 Rf3 33. Bb3 Rd2 34. Ra7 Rxg3+ 35. Kf1 Rf3+ 36. Ke1 Rd6 37. Ke2 Rh3 38. Rxf7+ Kh6 39. Rf4 Rb6 40. Ra4 Rbxb3 41. cxb3 Rxb3 42. Kf2 Rb6 43. Kg3 Rf6 44. Ra5 Kg7 45. Rc5 Kf7 46. Rc7+ Ke6 47. Ra7 Kd5 48. Rd7+ Kc5 49. Rc7+ Kb5 50. Rb7+ Rb6 51. Ra7 a5 52.
Kf4 a4 53. Kg5 Kb4 54. Re7 Ra6 55. Re4+ Kc3 56. Re3+ Kc2 57. Re2+ Kd3 58. Ra2 a3 59. Kh6 Kc3 60. Kg5 Kb3 61. Rf2 a2 62. Rf3+ Kc4 63.
Rf4+ Kd5 64. Rf7 a1=Q 65. Kh6 Qh8+ 66. Kg5 Ke6 67. Kxg6 Qe8 68. Kh6 Kxf7+ 69. Kh7 Qg8# 0-1

[Event "*** Titled Tuesday Blitz"]
[Site "Chess.com"]
[Date "2018.01.02"]
[Round "4"]
[White "ChessQueen"]
[Black "DanielNaroditsky"]
[Result "1/2-1/2"]
[WhiteElo "2629"]
[BlackElo "2815"]
[TimeControl "180+2"]
[EndTime "13:53:58 PST"]
[Termination "Game drawn by repetition"]

1. e4 e5 2. Bc4 Nc6 3. Nc3 Nf6 4. d3 Bb4 5. Nf3 d6 6. O-O Bxc3 7. bxc3 Ne7 8. d4 Nxe4 9. dxe5 d5 10. Bd3 O-O 11. c4 Bg4 12. cxd5 Qxd5 13. Bb2 Ng5 14.
Be2 Nxf3+ 15. Bxf3 Bxf3 16. Qxf3 Qxf3 17. gxf3 Rfd8 18. Rfd1 Nf5 19. Kf1 Kf8 20. Ke2 Ke7 21.
f4 Ke6 22. Kf3 h5 23. Ke4 g6 24. Rd3 Rxd3 25. cxd3 Rd8 26. Rc1 c6 27. a4 Rd5 28.
Rc4 Ne7 29. Ba3 Nf5 30. Bc5 b6 31. Be3 c5 32. a5 g5 33. axb6 axb6 34. fxg5 Rxe5+ 35.
Kf4 Nxe3 36. fxe3 Rf5+ 37. Ke4 Rxg5 38. d4 Rg4+ 39. Kd3 Kd5 40. Ra4 cxd4 41. exd4 b5 42. Rb4 Kc6 43. Rb1 Rh4 44. Rf1 Rh3+ 45. Ke4 b4 46. Rxf7 b3 47. Rf2 Kb5 48. d5 Kc5 49.
Rd2 Rc3 50. d6 Rc2 51. Rd5+ Kc6 52. d7 Re2+ 53. Kf4 Kxd5 54. d8=Q+ Kc4 55. Qc7+ Kd3 56. Qd6+ Kc2 57. Qc5+ Kb1 58. Qg1+ Ka2 59. Qa7+ Kb1 60. Qg1+ Ka2 61. Qa7+ Kb1 62. Qg1+ Ka2 1/2-1/2

[Event "*** Titled Tuesday Blitz"]
[Site "Chess.com"]
[Date "2018.01.02"]
[Round "4"]
[White "NTBT_DHS"]
[Black "maciek_92"]
[Result "0-1"]
[WhiteElo "2527"]
[BlackElo "2545"]
[TimeControl "180+2"]
[EndTime "13:54:00 PST"]
[Termination "maciek_92 won on time"]

1. c4 e5 2. Nc3 Nc6 3. e3 Bc5 4. Nge2 d6 5. d4 Bb6 6. a3 a6 7. b4 Nf6 8. c5 Ba7 9. Bb2 O-O 10.
Ng3 exd4 11. exd4 Re8+ 12. Be2 dxc5 13. dxc5 a5 14. O-O Be6 15. Qxd8 Raxd8 16. Nb5 Bb8 17. Bxf6 gxf6 18. Nh5 Re7 19. Rfd1 Rxd1+ 20. Rxd1 Bb3 21. Rd2 axb4 22. axb4 f5 23. f4 Kf8 24. Bf3 Nxb4 25.
Bxb7 Bc4 26. Rd8+ Re8 27. Rxe8+ Kxe8 28. Nd4 Ba7 29. Nxf5 Bxc5+ 30. Kh1 Nd3 31. Nf6+ Kd8 32. g3 Be6 33. Ng7 Bh3 34. Ne4 Bb6 35. Nh5 Ke7 36. Ba6 Bg4 37. Kg2 Nb4 38. Nhf6 Be6 39. Be2 c5 40. Nxh7 c4 41. Nhg5 Bd5 42. Kf1 Bd4 43. Nf3 Bg7 44. Nc5 c3 45. Ne1 c2 46. Ncd3 Nxd3 47.
Nxd3 Bb2 48. Kf2 Be4 49. Nxb2 c1=Q 50. Nc4 Bd5 51. Ne5 Qc5+ 0-1

[Event "*** Titled Tuesday Blitz"]
[Site "Chess.com"]
[Date "2018.01.02"]
[Round "4"]
[White "Laico"]
[Black "AndrewDGreen"]
[Result "0-1"]
[WhiteElo "2160"]
[BlackElo "2122"]
[TimeControl "180+2"]
[EndTime "13:54:01 PST"]
[Termination "AndrewDGreen won on time"]

1. e4 Nf6 2. e5 Nd5 3. c4 Nb6 4. d4 d6 5. exd6 exd6 6. Nc3 Be7 7. Bd3 O-O 8. Nge2 Na6 9. b3 c6 10. O-O Nb4 11. Bb1 d5 12. a3 Na6 13. Be3 g6 14. c5 Nd7 15. b4 Nc7 16. a4 b6 17.
Ba2 a5 18. b5 Bb7 19. cxb6 Nxb6 20. Rb1 cxb5 21. Nxb5 Nxb5 22. Rxb5 Ba6 23. Rxa5 Nc4 24. Rc5 Bxc5 25. dxc5 Nxe3 26. fxe3 Bxe2 27. Qxe2 Rxa4 28. Rd1 Qa5 29. Bxd5 Qxc5 30. Qf3 Ra3 31. Kf2 Qc2+ 32. Kg1 Qc5 33. Kf2 Kg7 34. Rd2 Ra6 35. Kg1 Rf6 36. Qe2 Rd8 37. Bf3 Rxd2 38. Qxd2 Qe5 39. h3 Rd6 40. Qe2 h5 41. Kf2 Rb6 42. Qd3 Rb2+ 43. Kg1 Ra2 44. Qd4 Ra5 45. Kf2 Kh7 46. Qxe5 Rxe5 47.
e4 Kg7 48. Ke3 Kf6 49. h4 Ra5 50. Kf4 Ra4 51. Bd1 Rb4 52. Bf3 Ke6 53. Kg5 Ke5 54.
g3 Rb3 0-1

[Event "*** Titled Tuesday Blitz"]
[Site "Chess.com"]
[Date "2018.01.02"]
[Round "4"]
[White "BillieKimbah"]
[Black "GMHess"]
[Result "1-0"]
[WhiteElo "2737"]
[BlackElo "2604"]
[TimeControl "180+2"]
[EndTime "13:54:02 PST"]
[Termination "BillieKimbah won by resignation"]

1. c4 Nf6 2. g3 e6 3. Bg2 d5 4. Nf3 Be7 5. O-O O-O 6. Ne5 Nbd7 7. d4 dxc4 8. Nxc4 c5 9. Nc3 Nb6 10. Nxb6 axb6 11. dxc5 bxc5 12. Qb3 e5 13. Rd1 Qc7 14.
Bg5 Be6 15. Qc2 Rfd8 16. Bxf6 Bxf6 17. Nd5 Bxd5 18. Bxd5 Ra6 19. Rd3 b5 20. Rad1 Rad6 21. b3 g6 22. a4 bxa4 23. bxa4 Kg7 24. Qc4 Rb6 25. Rc1 Rb2 26. Rf3 e4 27. Qxe4 Qd6 28. Bc4 Rb4 29. a5 Qd4 30. Qxd4 Rxd4 31. Ra3 Rd7 32. Rc2 Ra7 33. a6 Be7 34. e3 f5 35.
Rd3 Kf6 36. Kg2 h5 37. h4 Kg7 38. Kf3 Kf6 39. Ke2 Ra4 40. Rb3 Rb4 41. Rxb4 cxb4 42. Rd2 Ke5 43. Rd5+ Kf6 44. Kd3 Rc7 45. Ra5 Bc5 46. Rb5 Ke7 47. Kc2 Bxe3 48. fxe3 Rxc4+ 49. Kb3 Rc1 50. Ra5 Rc8 51. a7 Ra8 52. Kxb4 Kd6 53. Ra6+ Kc7 54. Kc5 Kb7 55. Kb5 Re8 56.
a8=Q+ Rxa8 57. Rxa8 Kxa8 58. Kc6 Kb8 59. Kd6 Kb7 60.
Ke6 Kc6 61. Kf6 Kd5 62. Kxg6 Ke4 63. Kxh5 Kxe3 64. Kg5 Kf3 65. Kxf5 Kxg3 1-0